 Dungeon Crawl Stone Soup version 0.31-a0-246-g8cbcc1cb85 (webtiles) character file.

Game seed: 16297379248045075352

116 qw the Shooter (level 4, -10/36 HPs)
             Began as a Minotaur Hexslinger on July 12, 2023.
             Shot with a bolt by an orc (11 damage)
             ... on level 2 of the Dungeon.
             The game lasted 00:00:32 (1070 turns).

qw the Shooter (Minotaur Hexslinger)                Turns: 1070, Time: 00:00:32

Health: -10/36     AC:  5    Str: 13    XL:     4   Next: 70%
Magic:  4/4        EV: 11    Int: 10    God:
Gold:   76         SH:  0    Dex: 14    Spells: 4/5 levels left

rFire   . . .        Y - +1 sling
rCold   . . .        (no shield)
rNeg    . . .        d - +0 ring mail
rPois   .            (helmet restricted)
rElec   .            (no cloak)
rCorr   .            (no gloves)
SInv    .            (no boots)
Will    .....        (no amulet)
Stlth   +            (no ring)
HPRegen 0.26/turn    (no ring)
MPRegen 0.09/turn

%: no passive effects
@: no status effects
A: horns 2, retaliatory headbutt
a: no special abilities


You were on level 2 of the Dungeon.
You visited 1 branch of the dungeon, and saw 2 of its levels.

You collected 76 gold pieces.


Innate Abilities, Weirdness & Mutations

You have a pair of horns on your head.
You reflexively headbutt those who attack you in melee.


   Skills:
 + Level 2.0 Fighting
 - Level 5.1 Ranged Weapons
 - Level 1.1 Armour
 - Level 2.1 Dodging
 - Level 1.0 Spellcasting
 - Level 2.0 Hexes


You had 4 spell levels left.
You knew the following spells:

 Your Spells              Type           Power      Damage    Failure   Level
a - Slow                  Hex            16%        N/A       32%         1

Your spell library contained the following spells:

 Spells                   Type           Power      Damage    Failure   Level
 Inner Flame              Hex/Fire       2%         N/A       82%         3
 Portal Projectile        Hex/Tloc       4%         N/A       82%         3
 Cause Fear               Hex            2%         N/A       97%         4

Inventory:

Hand Weapons
 Y - a +1 sling (weapon)
Armour
 d - a +0 ring mail (worn)
Jewellery
 a - the ring of the Median {Fire rElec Int+5 Dex-3}
   (You acquired it on level 1 of the Dungeon)

   [ring of fire]

   It enhances your fire magic.
   Int:       It affects your intelligence (+5).
   Dex:       It affects your dexterity (-3).
   rF:        It protects you from fire.
   rC:        It makes you vulnerable to cold.
   rElec:     It insulates you from electricity.
Scrolls
 b - a scroll of enchant weapon {unknown}
Potions
 c - a potion of might {unknown}
 e - a potion of lignification {unknown}
 h - a potion of curing {unknown}

Dungeon Overview and Level Annotations

Branches:
Dungeon (2/15)

Altars:


Message History

You shoot a sling bullet.
The sling bullet closely misses the orc.
You shoot a sling bullet.
The sling bullet closely misses the orc.
The orc hits you with a +0 flail.
The orc priest miscasts a cantrip.
You shoot a sling bullet. The sling bullet barely misses the orc.
The orc priest miscasts a cantrip.
The orc closely misses you.
The orc shoots a bolt.
The bolt closely misses you.
You shoot a sling bullet.
The sling bullet closely misses the orc.
The orc closely misses you. The orc hits you with a +0 flail.
The orc shoots a bolt.
The bolt hits you!
You shoot a sling bullet.
The sling bullet hits the orc but does no damage.
The orc barely misses you.
The orc cheers loudly.
The orc hits you but does no damage.
The orc shoots a bolt.
The bolt barely misses you. The orc barely misses you.
The orc hits you but does no damage.
You shoot a sling bullet. The sling bullet hits the orc priest.
The orc priest is heavily wounded.
The orc hits you with a +0 war axe. The orc priest barely misses you.
The orc hits you with a +0 flail.
The orc shoots a bolt.
The bolt barely misses you.
The bolt barely misses the orc priest.
You shoot a sling bullet. The sling bullet hits the orc priest.
The orc priest is heavily wounded.
The orc hits you with a +0 war axe!
The orc priest hits you but does no damage.
The orc hits you with a +0 flail.
The orc shoots a bolt.
The bolt barely misses you.
The bolt hits the orc priest.
You shoot a sling bullet. The sling bullet hits the orc priest.
You kill the orc priest!
The orc completely misses you. You furiously retaliate!
You headbutt the orc.
Your Ranged Weapons skill increases to level 5!
You shoot a sling bullet.
The sling bullet closely misses the orc.
The orc barely misses you. The orc hits you with a +0 flail.
The orc shoots a bolt.
The bolt hits you!
You die...

#............# ..
##.........#..####. ##.........#
..... o..... #..........#
#...##...... ...........#
#...#....).. ..##########
#...#o......
.>############..o#...........#####
#.##..............#
..........#......##


You could see 4 orcs.

Vanquished Creatures
  An orc priest (D:2)
  Jessica (D:2)
  3 adders (D:2)
  2 dart slugs
  2 bats (D:1)
  An endoplasm (D:1)
  4 giant cockroaches
  5 hobgoblins
  8 kobolds
  2 ball pythons
  6 goblins
  3 rats
38 creatures vanquished.

Notes
Turn   | Place    | Note
-------+----------+-------------------------------------------
     0 | D:1      | qw the Minotaur Hexslinger began the quest for the Orb.
     0 | D:1      | Reached XP level 1. HP: 16/16 MP: 1/1
     0 | D:1      | 0 ||| qw: Version: 0.3-a-52-g30416fa
     0 | D:1      | 0 ||| qw: Game counter: 6311
     0 | D:1      | 0 ||| qw: Melee chars always use a shield: true
     0 | D:1      | 0 ||| qw: God list: Okawaru
     0 | D:1      | 0 ||| qw: Allow faded altars: false
     0 | D:1      | 0 ||| qw: Do Orc after clearing Dungeon:15 true
     0 | D:1      | 0 ||| qw: Do second Lair branch before Depths: true
     0 | D:1      | 0 ||| qw: Lair rune preference: random
     0 | D:1      | 0 ||| qw: Goals: Normal
     0 | D:1      | 0 ||| PLANNING D:1-11
   176 | D:1      | Reached skill level 3 in Ranged Weapons
   176 | D:1      | Reached XP level 2. HP: 21/23 MP: 2/2
   693 | D:1      | 693 ||| UPGRADING to +0 ring mail.
   703 | D:1      | 703 ||| DROPPING +0 robe.
   704 | D:1      | 704 ||| READING scroll labelled BEHASO IPU HUERETI.
   705 | D:1      | 705 ||| READING scroll labelled ONOOFIO CUTARAI.
   705 | D:1      | Identified a scroll of acquirement
   705 | D:1      | 705 ||| ACQUIRING ring of the Median {Fire rElec Int+5
                  | Dex-3}
   705 | D:1      | Acquired the ring of the Median {Fire rElec Int+5 Dex-3}
   707 | D:1      | 707 ||| READING scroll labelled VOJYLAEGENE.
   708 | D:1      | 708 ||| READING scroll labelled LUYSOLO ZIGRIGH.
   709 | D:1      | 709 ||| DROPPING scroll of poison.
   765 | D:2      | Reached XP level 3. HP: 29/29 MP: 3/3
   770 | D:2      | 770 ||| FLEEEEING.
   771 | D:2      | 771 ||| FLEEEEING.
   843 | D:2      | Reached skill level 4 in Ranged Weapons
   883 | D:2      | Reached skill level 1 in Armour
   923 | D:2      | Noticed Jessica
   937 | D:2      | Killed Jessica
   938 | D:2      | Reached XP level 4. HP: 31/36 MP: 4/4
  1061 | D:2      | 1061 ||| Stepping ~*~*~tactically~*~*~ (outnumbered).
  1068 | D:2      | HP: 9/36 [orc/+0 war axe (7)]
  1070 | D:2      | Reached skill level 5 in Ranged Weapons
  1070 | D:2      | HP: 1/36 [orc/+0 flail (5)]
  1070 | D:2      | Shot with a bolt by an orc

Levels and vault maps discovered:
D:1:      erik_arrival_orb_chamber, layout_loops_cross
D:2:      layout_rooms, uniq_jessica, uniq_crazy_yiuf_cottage

Skill      XL: |  1  2  3  4 |
---------------+-------------+-----
Ranged Weapons | 3 4 5 |  5.1
Fighting       | 2 |  2.0
Armour         | 1 |  1.1
Dodging        | |  2.1
Spellcasting   | |  1.0
Hexes          | |  2.0

Action                     |  1- 3 |  4- 6 || total
---------------------------+-------+-------++-------
   Fire: Sling             |   109 |    21 ||   130
    Use: Scroll            |     4 |       ||     4
 Armour: Ring mail         |    11 |     6 ||    17
         Robe              |     1 |       ||     1
  Dodge: Dodged            |    38 |    12 ||    50

Table legend:
 A = Non-vault XP
 B = Vault XP
 C = Vault XP percentage of total XP
 D = Non-vault monster count
 E = Vault monster count
 F = Vault count percentage of total count
                 A         B        C        D         E       F
            +---------+---------+-------+---------+---------+-------
      Total |     130 |      37 |  22.2 |      37 |       1 |   2.6
            +---------+---------+-------+---------+---------+-------
        D:1 |      38 |       0 |   0.0 |      22 |       0 |   0.0
        D:2 |      92 |      37 |  28.7 |      15 |       1 |   6.2
            +---------+---------+-------+---------+---------+-------
